 Dungeon Crawl Stone Soup version 0.20.1-1-g8b1a95d66d (webtiles) character file.

4039 JayJay1191 the Geomancer (level 10, -2/58 HPs)
             Began as a Gargoyle Earth Elementalist on Dec 5, 2017.
             Was a Priest of Vehumet.
             Shot with a sling bullet by Joseph (17 damage)
             ... on level 7 of the Dungeon.
             The game lasted 01:19:23 (7184 turns).

JayJay1191 the Geomancer (GrEE)                     Turns: 7184, Time: 01:19:23

Health: -2/58      AC: 17    Str: 13    XL:     10   Next: 24%
Magic:  6/19       EV: 11    Int: 18    God:    Vehumet [***...]
Gold:   137        SH:  0    Dex:  8    Spells: 13/22 levels left

rFire    . . .     SeeInvis .   y - +2 dagger (speed)
rCold    . . .     Gourm    .   (no shield)
rNeg     + . .     Faith    .   A - +3 leather armour
rPois    ∞         Spirit   .   (no helmet)
rElec    +         Reflect  .   (no cloak)
rCorr    .         Harm     .   x - +0 pair of gloves
MR       .....                  z - +2 pair of boots
Stlth    +.........             p - amulet of rage
Regen    0.2/turn               q - -2 ring of dexterity (curse)
MPRegen  0.2/turn               (no ring)

@: no status effects
A: negative energy resistance 1, electricity resistance, unbreathing,
petrification resistance, rot immunity, AC +7
a: Renounce Religion, Evoke Berserk Rage


You were on level 7 of the Dungeon.
You worshipped Vehumet.
Vehumet was most pleased with you.
You were hungry.

You visited 2 branches of the dungeon, and saw 9 of its levels.
You also visited: Ossuary.

You collected 365 gold pieces.
You spent 228 gold pieces at shops.

Inventory:

Hand Weapons
 y - a +2 dagger of speed (weapon)
Missiles
 b - 71 stones (quivered)
Armour
 x - a +0 pair of gloves (worn)
 z - a +2 pair of boots (worn)
 A - a +3 leather armour (worn)
 C - a +0 buckler
Jewellery
 p - an amulet of rage (around neck)
 q - a cursed -2 ring of dexterity (left hand)
Wands
 r - a wand of iceblast (8/15)
 w - a wand of confusion (23/48)
 B - a wand of acid (6/15)
 M - a wand of lightning (10/15)
Scrolls
 a - 4 scrolls of noise {unknown}
 c - a scroll of fear {unknown}
 i - 3 scrolls of teleportation {unknown}
 j - 6 scrolls of remove curse {unknown}
 k - 5 scrolls of enchant weapon {unknown}
 l - 5 scrolls of identify
 m - 2 scrolls of recharging {unknown}
 s - 2 scrolls of fog {unknown}
 D - 2 scrolls of amnesia {unknown}
 K - a scroll of enchant armour {unknown}
 N - a scroll of blinking {unknown}
Potions
 f - a potion of might {unknown}
 g - a potion of resistance
 n - 3 potions of ambrosia
 o - 2 potions of cancellation
 t - 3 potions of haste
 v - 2 potions of lignification
 E - a potion of magic
 F - 5 potions of curing
 G - a potion of berserk rage
 H - 2 potions of agility {unknown}
 I - a potion of degeneration {unknown}
 J - a potion of flight {unknown}
Books
 e - a book of Geomancy

   Spells                             Type                      Level
   a - Sandblast                      Earth                        1
   b - Passwall                       Transmutation/Earth          2
   c - Stone Arrow                    Conjuration/Earth            3
   d - Petrify                        Transmutation/Earth          4
   e - Lee's Rapid Deconstruction     Earth                        5
Comestibles
 d - 5 bread rations
 h - 6 meat rations
 u - 6 royal jellies


   Skills:
 + Level 4.6 Fighting
 - Level 3.5 Armour
 - Level 1.5 Dodging
 - Level 2.1 Stealth
 + Level 3.9 Shields
 + Level 6.5 Spellcasting
 + Level 7.4 Conjurations
   Level 0.7 Transmutations
 + Level 9.2 Earth Magic
 + Level 4.0 Evocations


You had 13 spell levels left.
You knew the following spells:

 Your Spells              Type           Power        Failure   Level  Hunger
a - Sandblast             Erth           #####.       1%          1    None
b - Stone Arrow           Conj/Erth      #####.       1%          3    ##.....
c - Lee's Rapid Deconstr  Erth           #####.....   2%          5    #####..


Dungeon Overview and Level Annotations

Branches:
Dungeon (8/15)             Temple (1/1) D:4
   Lair: D:8-11

Altars:
Ashenzari
Cheibriados
Dithmenos
Elyvilon
Fedhas
Gozag
Hepliaklqana
Kikubaaqudgha
Nemelex Xobeh
Okawaru
Ru
Sif Muna
Trog
Uskayaw
Vehumet
Xom
Zin
The Shining One

Shops:
D:4 *   D:7 }

Annotations:
D:7 Joseph
D:8 endorz's ghost, novice MfSk


Innate Abilities, Weirdness & Mutations

You are resistant to torment.
Your stone body is resilient. (AC +7)
You are immune to poison.
You resist negative energy. (rN+)
You are resistant to electric shocks. (rElec)
You can survive without breathing.
You are immune to petrification.
You are immune to rotting.


Message History

All of the chunks of flesh in your inventory have rotted away.
Endorz's ghost hits you but does no damage.
Endorz's ghost hits you but does no damage.
Endorz's ghost hits you but does no damage.
Endorz's ghost hits you but does no damage.
Endorz's ghost hits you but does no damage.
Endorz's ghost hits you but does no damage.
Endorz's ghost hits you but does no damage.
Endorz's ghost hits you but does no damage.
Endorz's ghost barely misses you.
Endorz's ghost hits you but does no damage.
Endorz's ghost barely misses you.
You climb upwards.
Level annotation: Joseph Joseph shoots a sling bullet.
The sling bullet hits you.
* * * LOW HITPOINT WARNING * * *
There is a stone staircase leading down here.
You see here a sling bullet.
Joseph shoots a sling bullet.
The sling bullet hits you!
You die...

.#....#######^....#
.#....#.....#.....# #......
.#....#.....#'##### #.....
.#'####...........# #....
..................# #...
..................# #..
..................####.#+##
............#'#####..#....#
............#...@>(.@(...#
.##'###.....#..(.....##..#
.#....#.....#........##..#
.#....#.....#....##..##..#
.#....#.....#....######..#
##....#.....#....##..##..#
.#....#.....#........##..#
.#....'.....#........#...#
.#....#.....#........'...#


You could see Joseph.

Vanquished Creatures
  Pikel (D:4)
  A troll (D:7)
  The ghost of qepasa the Vexing, an amateur FoEn (D:4)
  A human (D:7)
  4 hogs (D:7)
  Menkaure (D:7)
  A water moccasin (D:7)
  An ice beast (D:7)
  A necrophage (D:5)
  A slave (D:4)
  2 ogres
  A phantom (D:6)
  The ghost of endorz the Twirler, an amateur FoFi (D:3)
  A centaur (D:6)
  A big kobold (D:4)
  2 bullfrogs (D:7)
  A gnoll sergeant (D:7)
  5 scorpions
  A bullfrog zombie (D:5)
  2 crimson imps
  3 centaur zombies (Ossuary)
  5 hounds
  2 jellies
  A centaur skeleton (D:7)
  2 orc priests (D:3)
  Jessica (D:3)
  Ijyb (D:5)
  An orc wizard (D:4)
  Natasha (thrice) (D:3)
  4 worker ants
  2 ogre zombies (Ossuary)
  7 mummies (Ossuary)
  8 gnolls
  4 adders
  2 shadow imps (D:5)
  5 adder zombies (Ossuary)
  2 adder skeletons
  3 worms
  3 dart slugs
  4 leopard geckos
  11 orcs
  7 giant cockroaches
  4 goblins
  10 hobgoblins
  10 jackals
  16 kobolds
  4 quokkas
  A ball python (D:5)
  7 bats
  4 frilled lizards
  4 goblin zombies (Ossuary)
  3 hobgoblin zombies (Ossuary)
  A kobold zombie (Ossuary)
  A quokka skeleton (D:6)
  2 quokka zombies
  3 rats
  5 rat zombies
186 creatures vanquished.

Notes
Turn   | Place    | Note
-------+----------+-------------------------------------------
     0 | D:1      | JayJay1191 the Gargoyle Earth Elementalist began the quest for the Orb.
     0 | D:1      | Reached XP level 1. HP: 10/10 MP: 3/3
   178 | D:1      | Reached XP level 2. HP: 15/15 MP: 5/5
   200 | D:1      | Reached skill level 4 in Earth Magic
   693 | D:1      | Reached XP level 3. HP: 19/19 MP: 6/6
   698 | D:1      | Learned a level 3 spell: Stone Arrow
  1783 | D:2      | Reached skill level 1 in Conjurations
  1826 | D:2      | Reached XP level 4. HP: 24/24 MP: 8/8
  2162 | D:3      | Noticed Jessica
  2163 | D:3      | Noticed Natasha
  2170 | D:3      | Killed Jessica
  2170 | D:3      | Reached skill level 5 in Earth Magic
  2171 | D:3      | Killed Natasha
  2176 | D:3      | Reached XP level 5. HP: 13/28 MP: 0/9
  2374 | D:3      | Found an ancient bone altar of Kikubaaqudgha.
  2548 | D:3      | Found a glowing drain.
  2621 | D:3      | Noticed endorz's ghost (amateur FoFi)
  2711 | D:3      | Killed endorz's ghost
  2711 | D:3      | Reached XP level 6. HP: 24/32 MP: 1/11
  2827 | D:3      | Noticed Natasha
  2828 | D:3      | Killed Natasha
  2863 | D:3      | Noticed Natasha
  2876 | D:3      | Killed Natasha
  3017 | D:3      | Learned a level 5 spell: Lee's Rapid Deconstruction
  3097 | D:4      | Found a staircase to the Ecumenical Temple.
  3105 | D:4      | Reached skill level 6 in Earth Magic
  3113 | Temple   | Entered the Ecumenical Temple
  3201 | Temple   | Became a worshipper of Vehumet
  3550 | D:4      | Noticed qepasa's ghost (amateur FoEn)
  3565 | D:4      | HP: 1/32 [qepasa's ghost (2)]
  3897 | D:4      | HP: 1/32 [qepasa's ghost (1)]
  3914 | D:4      | Killed qepasa's ghost
  3914 | D:4      | Reached XP level 7. HP: 3/36 MP: 1/13
  4379 | D:4      | Reached skill level 7 in Earth Magic
  4433 | D:4      | Noticed Pikel
  4513 | D:5      | Entered Level 5 of the Dungeon
  4750 | D:5      | Reached skill level 5 in Conjurations
  4754 | D:5      | Reached XP level 8. HP: 41/41 MP: 10/15
  4759 | D:5      | Reached skill level 5 in Spellcasting
  4775 | D:5      | Reached * piety under Vehumet
  4775 | D:5      | Offered knowledge of Sting by Vehumet.
  4848 | D:5      | Reached skill level 1 in Armour
  4865 | D:5      | Reached skill level 1 in Fighting
  4923 | D:5      | Noticed Ijyb
  4926 | D:5      | Killed Ijyb
  5100 | D:5      | Reached skill level 1 in Evocations
  5316 | D:4      | Found Vywaq Imunni's Assorted Antiques.
  5319 | D:4      | Bought a scroll labeled EZXEOT COEPN for 26 gold pieces
  5319 | D:4      | Bought a fizzy black potion for 23 gold pieces
  5319 | D:4      | Bought a potion of curing for 78 gold pieces
  5319 | D:4      | Bought a lumpy ruby potion for 23 gold pieces
  5319 | D:4      | Bought a scroll labeled EZXEOT COEPN for 26 gold pieces
  5319 | D:4      | Bought a scroll labeled ESE BIPHEST for 26 gold pieces
  5319 | D:4      | Bought a scroll labeled EZXEOT COEPN for 26 gold pieces
  5502 | D:4      | Killed Pikel
  5502 | D:4      | Reached skill level 8 in Earth Magic
  5502 | D:4      | Reached XP level 9. HP: 30/49 MP: 6/17
  5773 | D:6      | Reached skill level 1 in Shields
  6071 | D:7      | Noticed a troll
  6078 | D:7      | Killed a troll
  6160 | D:7      | Found a sand-covered staircase.
  6174 | Ossuary  | Entered an ossuary
  6219 | Ossuary  | Offered knowledge of Magic Dart by Vehumet.
  6226 | Ossuary  | Reached ** piety under Vehumet
  6609 | D:7      | Offered knowledge of Ignite Poison by Vehumet.
  6652 | D:7      | Reached XP level 10. HP: 36/58 MP: 2/19
  6761 | D:7      | Reached skill level 9 in Earth Magic
  6800 | D:7      | Noticed Menkaure
  6803 | D:7      | Killed Menkaure
  6849 | D:7      | Reached *** piety under Vehumet
  6936 | D:7      | Found Zypnigyph's Gadget Emporium.
  7059 | D:7      | Found a shadowy altar of Dithmenos.
  7147 | D:7      | Noticed Joseph
  7167 | D:8      | Noticed endorz's ghost (novice MfSk)
  7184 | D:7      | Shot with a sling bullet by Joseph

Skill      XL: |  1  2  3  4  5  6  7  8  9 10 |
---------------+-------------------------------+-----
Earth Magic    | 4 5 6 7 8 9 |  9.2
Conjurations   | 1 2 3 4 5 6 7 |  7.4
Spellcasting   | 3 4 5 6 |  6.5
Armour         | 3 |  3.5
Fighting       | 2 4 |  4.6
Evocations     | 2 3 4 |  4.0
Shields        | 3 |  3.9
Dodging        | |  1.5
Stealth        | |  2.1
Transmutations | |  0.7

Action                   |  1- 3 |  4- 6 |  7- 9 | 10-12 || total
-------------------------+-------+-------+-------+-------++-------
Melee: Club              |    90 |    24 |       |       ||   114
       Dagger            |       |       |    15 |     6 ||    21
 Cast: Sandblast         |    39 |    71 |   211 |    31 ||   352
       Stone Arrow       |       |     5 |    13 |     9 ||    27
       Lee's Rapid Decon |       |       |     1 |       ||     1
  Use: Scroll            |       |       |     7 |       ||     7
  Eat: Chunk             |     3 |     5 |     6 |     1 ||    15
       Bread ration      |       |     1 |       |       ||     1
       Fruit             |       |       |     2 |       ||     2
Armor: Robe              |    56 |    25 |     7 |       ||    88
       Leather armour    |       |       |    36 |    20 ||    56
Dodge: Dodged            |   120 |    40 |    45 |    14 ||   219
